[Event "Titled Tuesday Blitz February 15 Early 2022"]
[White "Rustemov, Alexander"]
[Black "Fiorito, Fabian"]
[WhiteFideId "4119002"]
[BlackFideId "100200"]
[WhiteElo "2781"]
[BlackElo "2395"]
[Result "1-0"]
[Round "03"]
[TimeControl "180+1"]
[Date "2022.02.15"]
[WhiteClock "0:00:27"]
[BlackClock "0:00:21"]

1. d4 d5 2. c4 c6 3. Nc3 Nf6 4. e3 e6 5. Nf3 Nbd7 6. Qc2 Bd6 7. Bd2 O-O 8. O-O-O dxc4 9. Bxc4 b5 10. Bd3 Qe7 11. e4 e5 12. dxe5 Bxe5 13. Rhe1 h6 14. Nxe5 Nxe5 15. Bf1 Be6 16. Bf4 Bc4 17. Bxe5 Qxe5 18. Bxc4 bxc4 19. g3 Qa5 20. Rd4 Rfd8 21. Rxc4 c5 22. Qa4 Qb6 23. Qb5 Qe6 24. Rxc5 Rab8 25. Qe2 Qd6 26. Rc4 Qb6 27. Rd1 Rdc8 28. Rxc8+ Rxc8 29. f3 Qa5 30. Kb1 Rb8 31. Qd2 Ne8 32. Nd5 Qb5 33. Nc3 Qb4 34. b3 Nc7 35. Nd5 Nxd5 36. exd5 a5 37. Qxb4 1-0


[Site "https://www.chess.com"]

[Event "Titled Tuesday Blitz February 15 Early 2022"]
[White "Sadovsky, Artem"]
[Black "Timofeev, Artyom"]
[WhiteFideId "4155840"]
[BlackFideId "4140419"]
[WhiteElo "2369"]
[BlackElo "2583"]
[Result "0-1"]
[Round "03"]
[TimeControl "180+1"]
[Date "2022.02.15"]
[WhiteClock "0:00:05"]
[BlackClock "0:00:13"]

1. Nf3 c5 2. e3 g6 3. d4 Bg7 4. Be2 Nf6 5. O-O O-O 6. d5 e6 7. Nc3 Re8 8. a4 exd5 9. Nxd5 Nxd5 10. Qxd5 d6 11. Rd1 Nc6 12. Qxd6 Qb6 13. a5 Nxa5 14. Qxb6 axb6 15. Bb5 Rf8 16. Ne1 Be6 17. e4 Nc4 18. Rxa8 Rxa8 19. Bxc4 Bxc4 20. b3 Be6 21. Bg5 Bd4 22. Nf3 Bg4 23. Be3 Bxe3 24. fxe3 Ra2 25. Rd6 b5 26. Ne5 Be6 27. c4 bxc4 28. bxc4 Re2 29. Nd3 Bxc4 30. Nxc5 b5 31. Rb6 Kg7 32. h4 Rxe3 33. Kf2 Rc3 34. e5 Rc2+ 35. Ke3 Rxg2 36. Ne4 Kh6 37. Nf6 Be6 38. Rxb5 g5 39. hxg5+ Rxg5 40. Kf4 Kg6 41. Rb8 Rf5+ 42. Ke4 Rf1 43. Rg8+ Kh6 44. Rg3 Bf5+ 45. Ke3 Bg6 46. Ng4+ Kg7 47. Nf6 Ra1 48. Kf4 Ra4+ 49. Ke3 Kf8 50. Nd7+ Ke7 51. Nf6 Ke6 52. Rh3 Ra3+ 0-1


[Site "https://www.chess.com"]

[Event "Titled Tuesday Blitz February 15 Early 2022"]
[White "Safarli, Eltaj"]
[Black "Coto Mederos, Michel"]
[WhiteFideId "13402129"]
[BlackFideId "3508528"]
[WhiteElo "2634"]
[BlackElo "2427"]
[Result "1-0"]
[Round "03"]
[TimeControl "180+1"]
[Date "2022.02.15"]
[WhiteClock "0:01:18"]
[BlackClock "0:00:04"]

1. e4 e5 2. Nf3 Nc6 3. Bb5 a6 4. Ba4 Nf6 5. Nc3 b5 6. Bb3 Bc5 7. a4 b4 8. Nd5 Nxe4 9. d4 Nxd4 10. Nxd4 Bxd4 11. Qg4 Bxf2+ 12. Ke2 Qh4 13. Qxh4 Bxh4 14. Nxc7+ Kd8 15. Nxa8 Bb7 16. Nb6 a5 17. Bd5 Ba6+ 18. Bc4 Bb7 19. Be3 f5 20. Rad1 d6 21. g3 Bxg3 22. Bd5 Bxd5 23. Rxd5 Kc7 24. Rxa5 f4 25. Rd1 Bh4 26. Nd5+ Kc6 27. Ra6+ Kd7 28. Ra7+ Ke6 29. Kf3 Ng5+ 30. Kg4 fxe3 31. Re7# 1-0


[Site "https://www.chess.com"]

[Event "Titled Tuesday Blitz February 15 Early 2022"]
[White "Sahil, Tickoo"]
[Black "Agasarov, Benik"]
[WhiteFideId "5019710"]
[BlackFideId "13314823"]
[WhiteElo "2099"]
[BlackElo "2599"]
[Result "0-1"]
[Round "03"]
[TimeControl "180+1"]
[Date "2022.02.15"]
[WhiteClock "0:00:01"]
[BlackClock "0:00:06"]

1. d4 Nf6 2. Bf4 g6 3. e3 Bg7 4. h4 O-O 5. h5 Nxh5 6. Rxh5 gxh5 7. Qxh5 f5 8. Nf3 Qe8 9. Qh2 d6 10. Bd3 Nc6 11. Bc4+ e6 12. Nbd2 Bd7 13. O-O-O Bf6 14. Rh1 Rf7 15. Bh6 d5 16. Bd3 Kh8 17. Ng5 Bxg5 18. Bxg5 Ne7 19. Nf3 Ng6 20. Ne5 Nxe5 21. Qxe5+ Kg8 22. g4 Rg7 23. Bf6 Rxg4 24. Qh2 Qg6 25. Be5 Rg2 26. Qh4 Rg1+ 27. Rxg1 Qxg1+ 28. Kd2 Rf8 29. b3 c5 30. Qe7 Qxf2+ 31. Kc3 cxd4+ 32. exd4 Qg1 33. Qxd7 Qg6 34. Kb2 h5 35. Bd6 Rf7 36. Qd8+ Kh7 37. Be5 Qg8 38. Qh4 Qg6 39. Be2 Kh6 40. Bf4+ Kh7 41. Bxh5 Qf6 42. Qh3 Qxd4+ 43. Kb1 Rg7 44. Be2+ Kg8 45. Bc1 Rg1 46. Qd3 Qf4 0-1


[Site "https://www.chess.com"]

[Event "Titled Tuesday Blitz February 15 Early 2022"]
[White "Saim, Mohamed Ilias"]
[Black "Golubenko, Valentina"]
[WhiteFideId "7900465"]
[BlackFideId "4501993"]
[WhiteElo "2006"]
[BlackElo "2164"]
[Result "0-1"]
[Round "03"]
[TimeControl "180+1"]
[Date "2022.02.15"]
[WhiteClock "0:00:01"]
[BlackClock "0:00:17"]

1. d4 e6 2. Nf3 d5 3. e3 c5 4. b3 Nf6 5. Bd3 a6 6. Bb2 b5 7. Nbd2 c4 8. bxc4 bxc4 9. Be2 Qc7 10. c3 Bd6 11. O-O O-O 12. h3 Nbd7 13. Qc2 Bb7 14. a4 e5 15. dxe5 Nxe5 16. Nd4 Rfe8 17. f4 Nc6 18. Nf5 Bc5 19. Rf3 Ne4 20. Kh2 Qd7 21. Nxe4 Qxf5 22. Rg3 Qxe4 23. Qd1 Bxe3 24. Bf3 Qxf4 25. Bxd5 Bf2 26. Qg4 Bxg3+ 27. Qxg3 Qxg3+ 28. Kxg3 Rad8 29. Bxc4 Re3+ 30. Kh2 Ne5 31. Bb3 Re2 32. Ba3 Rxg2+ 33. Kh1 Rg3+ 34. Kh2 Rg2+ 35. Kh1 Rg4+ 36. Kh2 Nf3+ 37. Kh1 Nd2+ 38. Kh2 Rg2+ 39. Kh1 Nxb3 40. Rf1 Rf2+ 0-1


[Site "https://www.chess.com"]

[Event "Titled Tuesday Blitz February 15 Early 2022"]
[White "Samadov, Read"]
[Black "Guliev, Logman"]
[WhiteFideId "13417444"]
[BlackFideId "13400061"]
[WhiteElo "2084"]
[BlackElo "2128"]
[Result "1-0"]
[Round "03"]
[TimeControl "180+1"]
[Date "2022.02.15"]
[WhiteClock "0:01:52"]
[BlackClock "0:00:38"]

1. d4 Nf6 2. c4 e6 3. Nf3 d5 4. g3 dxc4 5. Bg2 Bb4+ 6. Bd2 Bxd2+ 7. Nbxd2 O-O 8. Nxc4 Nbd7 9. O-O c5 10. dxc5 Nxc5 11. Nfe5 Rb8 12. Rc1 Qe7 13. Qd6 Qxd6 14. Nxd6 Ncd7 15. Nxd7 Bxd7 16. Nxb7 Nd5 17. Nc5 Bc8 18. Bxd5 exd5 19. b3 Re8 20. e3 Bg4 21. Kg2 h5 22. h3 Bf5 23. Rfd1 Red8 24. Rd4 Rbc8 25. b4 Rc6 26. Rcd1 Rb6 27. Rxd5 Rxd5 28. Rxd5 g6 29. Rd4 Rc6 30. e4 Bc8 31. a3 Kg7 32. f4 1-0


[Site "https://www.chess.com"]

[Event "Titled Tuesday Blitz February 15 Early 2022"]
[White "Samaganova, Aleksandra"]
[Black "Batsiashvili, Nino"]
[WhiteFideId "13800221"]
[BlackFideId "13602993"]
[WhiteElo "1859"]
[BlackElo "2230"]
[Result "0-1"]
[Round "03"]
[TimeControl "180+1"]
[Date "2022.02.15"]
[WhiteClock "0:00:02"]
[BlackClock "0:00:24"]

1. c4 e6 2. Nc3 d5 3. e3 Nf6 4. d4 Be7 5. Nf3 O-O 6. Bd3 dxc4 7. Bxc4 a6 8. a3 b5 9. Bd3 c5 10. dxc5 Bxc5 11. b4 Bd6 12. Ne4 Nxe4 13. Bxe4 Ra7 14. Bb2 Rd7 15. Qb3 f5 16. Bb1 Nc6 17. Ba2 Kh8 18. Rd1 a5 19. O-O axb4 20. axb4 Bxb4 21. Rxd7 Qxd7 22. Rd1 Qe7 23. Nd4 Nxd4 24. Rxd4 Bc5 25. Rd1 b4 26. Qc4 e5 27. h3 e4 28. Rc1 Bd6 29. Qd4 f4 30. exf4 Bxf4 31. Re1 e3 32. fxe3 Bg3 33. Rf1 Bh2+ 34. Kxh2 Rxf1 0-1


[Site "https://www.chess.com"]

[Event "Titled Tuesday Blitz February 15 Early 2022"]
[White "Samunenkov, Ihor"]
[Black "Le, Tuan Minh"]
[WhiteFideId "14187086"]
[BlackFideId "12401153"]
[WhiteElo "2406"]
[BlackElo "2450"]
[Result "1-0"]
[Round "03"]
[TimeControl "180+1"]
[Date "2022.02.15"]
[WhiteClock "0:00:08"]
[BlackClock "0:00:10"]

1. d4 d5 2. c4 c6 3. cxd5 cxd5 4. Nc3 Nf6 5. Bf4 Nc6 6. e3 a6 7. Bd3 Bg4 8. Nge2 e6 9. O-O Bd6 10. Bxd6 Qxd6 11. Rc1 O-O 12. Na4 Rac8 13. Nc5 Rc7 14. Qb3 Na5 15. Qb4 Nc4 16. Bxc4 dxc4 17. f3 Bh5 18. Rxc4 Rfc8 19. b3 e5 20. Ng3 Bg6 21. Rfc1 exd4 22. exd4 Nd5 23. Qd2 b5 24. Nce4 Qe7 25. Rxc7 Rxc7 26. Rxc7 Qxc7 27. Nc5 Qd6 28. Nge4 Qe7 29. Qg5 Nf6 30. Nxf6+ gxf6 31. Qd2 Qd6 32. g3 f5 33. Kf2 h5 34. Qf4 Qb6 35. Qe5 Qa5 36. Qe2 Qc3 37. Qe3 Qb2+ 38. Kg1 Qb1+ 39. Kg2 Qxa2+ 40. Kh3 Qb1 41. Nd7 Qf1+ 42. Kh4 Qg2 43. Kg5 Qc2 44. Qe8+ Kg7 45. Qe5+ Kh7 46. Nf6+ Kg7 47. Nxh5+ Kf8 48. Kh6 Qc1+ 49. Nf4 Qc6 50. Qh8+ Ke7 51. Qe5+ Kd7 52. Kg5 Qc7 53. Qxc7+ Kxc7 54. Nxg6 fxg6 55. Kxg6 a5 56. h4 a4 57. bxa4 b4 58. h5 b3 59. h6 b2 60. h7 b1=Q 61. h8=Q f4+ 62. Kg5 fxg3 63. Qe5+ Kb7 64. Qxg3 Qc1+ 65. Qf4 Qc8 66. Qe4+ Ka6 67. Qg6+ Ka5 68. Qf5+ 1-0


[Site "https://www.chess.com"]

[Event "Titled Tuesday Blitz February 15 Early 2022"]
[White "Sargsyan, Anna M."]
[Black "Boraso, Alessio"]
[WhiteFideId "13308130"]
[BlackFideId "848077"]
[WhiteElo "2271"]
[BlackElo "2277"]
[Result "0-1"]
[Round "03"]
[TimeControl "180+1"]
[Date "2022.02.15"]
[WhiteClock "0:00:03"]
[BlackClock "0:00:06"]

1. d4 Nf6 2. c4 g6 3. g3 Bg7 4. Bg2 O-O 5. Nc3 d6 6. Nf3 Nc6 7. O-O a6 8. Qd3 Nh5 9. e4 Bg4 10. Be3 f5 11. Ng5 f4 12. f3 fxe3 13. fxg4 Rxf1+ 14. Rxf1 Bxd4 15. Ne2 e5 16. Ne6 Qe7 17. N6xd4 exd4 18. gxh5 Qe5 19. hxg6 hxg6 20. Qb3 Na5 21. Qd3 Nc6 22. Nf4 Nb4 23. Qb3 c5 24. Nxg6 Qg7 25. Nf4 Rf8 26. a3 Rxf4 27. gxf4 e2 28. Re1 d3 29. axb4 d2 30. Rxe2 Qd4+ 31. Rf2 d1=Q+ 32. Qxd1 Qxd1+ 33. Bf1 Qd4 34. bxc5 dxc5 35. e5 b5 36. cxb5 axb5 37. Bxb5 Qd1+ 38. Bf1 c4 39. Kg2 Qg4+ 40. Kh1 Qd1 41. h3 Kf7 42. Kg2 Qd5+ 43. Kg3 Ke6 44. Rf3 Kf5 45. h4 Qg8+ 46. Kf2 Ke4 47. Bh3 Qh7 48. e6 Qxh4+ 49. Kg2 Qh5 50. Rf2 Qg6+ 51. Kh2 Qf6 52. f5 Ke3 53. Rg2 Qe5+ 54. Kh1 Kf3 55. Bg4+ Kf4 56. Kh2 Kg5+ 57. Kh3 Qe3+ 58. Rg3 Qc1 59. Rg2 Qh1+ 60. Kg3 Qe1+ 61. Kf3 Qc1 62. Bh3+ Kf6 63. Kg3 Qe3+ 64. Kh2 Qf4+ 65. Kh1 Qc1+ 66. Kh2 Qf4+ 67. Rg3 Qf2+ 68. Bg2 Qf4 69. Kh3 Qxf5+ 70. Rg4 Qxe6 71. Kh4 Qe1+ 72. Kh5 Qc1 73. Bd5 Ke5 74. Bxc4 Qh1+ 75. Kg5 Qc1+ 76. Kg6 Qxb2 77. Bf7 Kd6 78. Rg5 Ke7 79. Bg8 Qf6+ 80. Kh5 Qf3+ 81. Kh6 Kf6 82. Rg6+ Kf5 83. Be6+ Ke5 84. Bg8 Qh3+ 85. Kg7 Qc3 86. Kh7 Kf5 87. Kh6 Qh3+ 88. Kg7 Qc3+ 89. Kh7 Qc7+ 90. Rg7 Qh2# 0-1


[Site "https://www.chess.com"]

[Event "Titled Tuesday Blitz February 15 Early 2022"]
[White "Sarkar, Justin"]
[Black "Eynullayev, Altay"]
[WhiteFideId "2010011"]
[BlackFideId "13413562"]
[WhiteElo "2038"]
[BlackElo "2079"]
[Result "0-1"]
[Round "03"]
[TimeControl "180+1"]
[Date "2022.02.15"]
[WhiteClock "0:00:01"]
[BlackClock "0:00:04"]

1. e4 c5 2. Nf3 e6 3. d4 cxd4 4. Nxd4 Nc6 5. Nc3 a6 6. Be3 Nf6 7. f4 Bb4 8. Bd3 e5 9. Nf5 O-O 10. O-O Bxc3 11. bxc3 d5 12. fxe5 Nxe5 13. Bd4 Bxf5 14. Rxf5 dxe4 15. Bxe5 exd3 16. Bxf6 gxf6 17. cxd3 Kh8 18. Qf3 Rc8 19. d4 Rc6 20. Rf1 Qc7 21. Rxf6 Rxc3 22. Qe4 Rc6 23. Rxc6 Qxc6 24. d5 Qg6 25. Qe5+ f6 26. Qe7 Rf7 27. Qe8+ Kg7 28. d6 Qd3 29. d7 Qd4+ 0-1


[Site "https://www.chess.com"]

[Event "Titled Tuesday Blitz February 15 Early 2022"]
[White "Senthil Maran K"]
[Black "Wartiovaara, Oliver"]
[WhiteFideId "25035681"]
[BlackFideId "513024"]
[WhiteElo "2194"]
[BlackElo "1971"]
[Result "1-0"]
[Round "03"]
[TimeControl "180+1"]
[Date "2022.02.15"]
[WhiteClock "0:01:08"]
[BlackClock "0:01:00"]

1. g3 g6 2. Nf3 Bg7 3. d4 Nf6 4. Bg2 O-O 5. O-O d6 6. c4 Nc6 7. Nc3 e5 8. dxe5 dxe5 9. Bg5 Be6 10. Nd5 Bxd5 11. Bxf6 Bxf6 12. cxd5 Nd4 13. Nd2 Nb5 14. Qa4 Nd6 15. Rac1 a6 16. Rc2 Re8 17. Rfc1 Re7 18. Qa5 Bg5 19. e3 Rc8 20. Bh3 f5 21. Nc4 Nxc4 22. Rxc4 e4 23. Bf1 Bf6 24. Qb4 Rd7 25. Qxb7 Rxd5 26. Rc6 Rd2 27. Rxf6 1-0


[Site "https://www.chess.com"]

[Event "Titled Tuesday Blitz February 15 Early 2022"]
[White "Seo, Jung Min"]
[Black "Chigaev, Maksim"]
[WhiteFideId "1734687"]
[BlackFideId "4108116"]
[WhiteElo "2401"]
[BlackElo "2502"]
[Result "0-1"]
[Round "03"]
[TimeControl "180+1"]
[Date "2022.02.15"]
[WhiteClock "0:01:18"]
[BlackClock "0:00:53"]

1. d4 Nf6 2. c4 g6 3. Nf3 Bg7 4. Nc3 O-O 5. g3 d6 6. Bg2 c5 7. O-O Nc6 8. dxc5 dxc5 9. Be3 b6 10. Rc1 Bf5 11. b3 Qc8 12. Nd5 Rd8 13. Nh4 Bh3 14. Qc2 Nxd5 15. cxd5 Bxg2 16. Kxg2 Nb4 17. Qe4 Nxa2 18. Rcd1 Nc3 19. Qxe7 Nxd1 20. Rxd1 Qd7 21. Qe4 a5 22. Nf3 a4 23. bxa4 Qxa4 24. Qd3 c4 25. Qb1 c3 26. Rd3 c2 27. Qc1 b5 28. Ne1 Rac8 29. d6 b4 30. d7 Rxd7 0-1


[Site "https://www.chess.com"]

[Event "Titled Tuesday Blitz February 15 Early 2022"]
[White "Shtyka, Sergey"]
[Black "Makarian, Rudik"]
[WhiteFideId "4138465"]
[BlackFideId "44105681"]
[WhiteElo "2014"]
[BlackElo "2486"]
[Result "0-1"]
[Round "03"]
[TimeControl "180+1"]
[Date "2022.02.15"]
[WhiteClock "0:00:49"]
[BlackClock "0:01:40"]

1. e4 c5 2. Nf3 e6 3. d4 cxd4 4. Nxd4 Nc6 5. Nc3 Bc5 6. Nb3 Bb4 7. Bd2 Nge7 8. Bd3 O-O 9. O-O b6 10. a3 Bxc3 11. Bxc3 Bb7 12. Qe2 f5 13. exf5 Nxf5 14. Ba6 Bxa6 15. Qxa6 Nce7 16. Rad1 Nd5 17. Be5 Qg5 18. c4 Nde3 19. Bg3 Nxg3 20. hxg3 Ng4 21. f3 Qe3+ 0-1


[Site "https://www.chess.com"]

[Event "Titled Tuesday Blitz February 15 Early 2022"]
[White "Shukhman, Anna"]
[Black "Galyas, Miklos"]
[WhiteFideId "54180058"]
[BlackFideId "707244"]
[WhiteElo "1628"]
[BlackElo "2409"]
[Result "0-1"]
[Round "03"]
[TimeControl "180+1"]
[Date "2022.02.15"]
[WhiteClock "0:00:50"]
[BlackClock "0:02:12"]

1. e4 d5 2. exd5 Qxd5 3. Nc3 Qd6 4. d4 Nf6 5. Nf3 c6 6. Bc4 Bg4 7. Be3 e6 8. O-O Nbd7 9. h3 Bh5 10. a4 Be7 11. a5 O-O 12. Be2 Rad8 13. Nd2 Bg6 14. Nc4 Qc7 15. Bd3 a6 16. Bxg6 hxg6 17. Qf3 Nd5 18. Bd2 N7f6 19. Ne5 c5 20. dxc5 Qxe5 0-1


[Site "https://www.chess.com"]

[Event "Titled Tuesday Blitz February 15 Early 2022"]
[White "Shuvalov, Evgenij"]
[Black "Vine, Elzbieta"]
[WhiteFideId "4187237"]
[BlackFideId "1119320"]
[WhiteElo "2119"]
[BlackElo "1806"]
[Result "1-0"]
[Round "03"]
[TimeControl "180+1"]
[Date "2022.02.15"]
[WhiteClock "0:00:11"]
[BlackClock "0:00:01"]

1. e4 c5 2. Nf3 d6 3. c3 Nc6 4. d4 cxd4 5. cxd4 Nf6 6. Nc3 Bg4 7. Be3 Qa5 8. Bd3 Nb4 9. Bb1 g6 10. O-O Bg7 11. h3 Bd7 12. a3 Nc6 13. d5 Ne5 14. Nd2 O-O 15. f4 Bh6 16. Qe2 Nh5 17. Kh2 f5 18. fxe5 f4 19. Bf2 Ng3 20. Bxg3 fxg3+ 21. Kxg3 dxe5 22. Nc4 Bf4+ 23. Kf2 Bg5+ 24. Ke1 Bh4+ 25. Kd1 Qc5 26. Bd3 1-0


[Site "https://www.chess.com"]

[Event "Titled Tuesday Blitz February 15 Early 2022"]
[White "Shuvalova, Polina"]
[Black "Tari, Aryan"]
[WhiteFideId "24171760"]
[BlackFideId "1510045"]
[WhiteElo "2355"]
[BlackElo "2567"]
[Result "1/2-1/2"]
[Round "03"]
[TimeControl "180+1"]
[Date "2022.02.15"]
[WhiteClock "0:00:26"]
[BlackClock "0:00:04"]

1. e4 e5 2. Nf3 Nc6 3. Bb5 a6 4. Ba4 Bc5 5. O-O Nge7 6. c3 Ba7 7. d4 Ng6 8. Bxc6 dxc6 9. Nxe5 Nxe5 10. dxe5 Qxd1 11. Rxd1 Bg4 12. Rd3 O-O 13. h3 Rad8 14. Rd2 Bh5 15. Na3 Bg6 16. Rxd8 Rxd8 17. Bg5 Re8 18. Rd1 h6 19. Rd8 Kf8 20. Rxe8+ Kxe8 21. Bf4 Bxe4 22. Kf1 g5 23. Bd2 Ke7 24. h4 gxh4 25. Bxh6 Ke6 26. Bg5 b5 27. Bxh4 Bc5 28. Bg3 Bd5 29. Nc2 Bxa2 30. Ke2 Bc4+ 31. Kd2 a5 32. Nd4+ Kd5 33. Nf5 Bb3 34. Nh6 Ke6 35. f4 Bd5 36. f5+ Ke7 37. Bh4+ Ke8 38. g4 b4 39. Ng8 Kf8 40. Nf6 Bg1 41. Kd3 Bf3 42. Bg3 c5 43. Bf4 a4 44. Kc4 a3 45. bxa3 bxa3 46. Kb3 c4+ 47. Kxa3 Bc5+ 48. Kb2 Ke7 49. Kc2 Bf2 50. Kd2 Bb6 51. Bg5 Kf8 52. Bh6+ Ke7 53. Be3 Kf8 54. Bd4 Ke7 55. Ke3 Bd1 56. Bxb6 cxb6 57. Nd5+ Ke8 58. Nxb6 Bxg4 59. Kf4 Be2 60. Ke3 Bd3 61. Kd4 Bxf5 62. Nxc4 Kd7 63. Nd6 Bg6 64. Kd5 Bh5 65. c4 Bf3+ 66. Kd4 f6 67. Nf7 Ke6 68. exf6 Kxf6 69. Nd6 Bh1 70. c5 Ke6 71. Nc4 Kd7 72. Ne3 Kc7 73. Nf5 Bc6 74. Ne7 Bh1 75. Kc4 Kd7 76. Nf5 Kc7 77. Nd4 Kd7 78. Nb5 Kc6 79. Nd6 Bd5+ 80. Kb4 Bh1 81. Nc4 Kc7 82. Ne5 Kb7 83. Kb5 Kc7 84. Nc4 Bc6+ 85. Ka5 Bg2 86. Kb5 Bf1 87. Kb4 Bxc4 88. Kxc4 Kc6 89. Kd4 Kc7 90. Kd5 Kd7 91. Ke5 Kc6 92. Kd4 Kc7 93. Kd5 Kd7 94. c6+ Kc7 95. Kc5 Kc8 96. Kb5 Kc7 97. Kc5 Kc8 98. Kd4 Kc7 99. Kd5 Kc8 100. Kd6 Kd8 101. Kc5 Kc7 102. Kb5 Kc8 103. Kb6 Kb8 104. c7+ Kc8 105. Kc6 1/2-1/2


[Site "https://www.chess.com"]

[Event "Titled Tuesday Blitz February 15 Early 2022"]
[White "Shyaamnikhil P"]
[Black "Karabalis, Harilos"]
[WhiteFideId "5024218"]
[BlackFideId "4621808"]
[WhiteElo "2292"]
[BlackElo "2168"]
[Result "1-0"]
[Round "03"]
[TimeControl "180+1"]
[Date "2022.02.15"]
[WhiteClock "0:02:39"]
[BlackClock "0:02:24"]

1. d4 Nf6 2. Nf3 c5 3. e3 d5 4. c4 cxd4 5. exd4 Nc6 6. Nc3 Bg4 7. cxd5 Nxd5 8. Qb3 Bxf3 9. gxf3 Nxc3 10. bxc3 Qb6 11. Rb1 Qxb3 12. Rxb3 b6 13. Bb5 1-0


[Site "https://www.chess.com"]

[Event "Titled Tuesday Blitz February 15 Early 2022"]
[White "Siva Mahadevan"]
[Black "Volkov, Maksim"]
[WhiteFideId "25043153"]
[BlackFideId "54123070"]
[WhiteElo "2203"]
[BlackElo "2081"]
[Result "1/2-1/2"]
[Round "03"]
[TimeControl "180+1"]
[Date "2022.02.15"]
[WhiteClock "0:00:09"]
[BlackClock "0:00:28"]

1. e4 c5 2. Nf3 d6 3. d4 cxd4 4. Nxd4 Nf6 5. Nc3 a6 6. Bg5 e6 7. f4 Be7 8. Qf3 Qc7 9. O-O-O Nbd7 10. Bd3 b5 11. Rhe1 Bb7 12. Qg3 b4 13. Nd5 exd5 14. exd5 Kd8 15. Nc6+ Bxc6 16. dxc6 Qxc6 17. Bxf6 Nxf6 18. Qxg7 Re8 19. Qxf7 Ra7 20. Rxe7 Raxe7 21. Qxf6 Qc5 22. Bxa6 Kc7 23. Qd4 Qxd4 24. Rxd4 Re1+ 25. Kd2 Rg1 26. Rxb4 Rxg2+ 27. Kc3 Rxh2 28. Rb7+ Kc6 29. Rg7 Re3+ 30. Bd3 h5 31. Kd4 Re1 32. Be4+ Kb6 33. Rb7+ Ka6 34. Rh7 Rh4 35. Rf7 Kb6 36. b4 Rf1 37. Ke3 Re1+ 38. Kd3 Rd1+ 39. Kc4 Rf1 40. Rb7+ Ka6 41. b5+ Ka5 42. Ra7+ Kb6 43. Ra6+ Kc7 44. b6+ Kd7 45. b7 Rb1 46. Ra8 Rxf4 47. Kd3 Rxe4 48. Kxe4 Rxb7 49. a4 Rb2 50. Kd3 h4 51. Rh8 Rb4 52. a5 Ra4 53. Rh5 Kc6 54. c3 d5 55. a6 Rxa6 56. Rxh4 Kc5 57. Rh8 Ra4 58. Rc8+ Kd6 59. Rd8+ Kc5 60. Rc8+ Kd6 61. Rd8+ Kc5 62. Rc8+ 1/2-1/2


[Site "https://www.chess.com"]

[Event "Titled Tuesday Blitz February 15 Early 2022"]
[White "Sjugirov, Sanan"]
[Black "Garriga Cazorla, Pere"]
[WhiteFideId "4189302"]
[BlackFideId "32011601"]
[WhiteElo "2602"]
[BlackElo "2458"]
[Result "1/2-1/2"]
[Round "03"]
[TimeControl "180+1"]
[Date "2022.02.15"]
[WhiteClock "0:00:09"]
[BlackClock "0:00:26"]

1. e4 c5 2. Nf3 d6 3. Bb5+ Nd7 4. d4 cxd4 5. O-O a6 6. Bxd7+ Bxd7 7. Qxd4 e5 8. Qd3 Rc8 9. c4 h6 10. Nc3 Nf6 11. a4 Be7 12. b3 O-O 13. Rd1 Be6 14. a5 Nd7 15. Be3 Nc5 16. Qc2 Qe8 17. Nd5 Bd8 18. Nc3 Be7 19. Nd2 f5 20. f3 Qg6 21. Kh1 Nd7 22. exf5 Bxf5 23. Nde4 Nf6 24. Nxf6+ Rxf6 25. Qd2 Bf8 26. Bf2 Rf7 27. Re1 Bd7 28. Ne4 Bc6 29. Rad1 Rd8 30. Qe3 d5 31. cxd5 Rxd5 32. Rxd5 Bxd5 33. Bg3 Qe6 34. Nc5 Bxc5 35. Qxc5 e4 36. fxe4 Bxe4 37. Kg1 Qc6 38. Qxc6 Bxc6 39. b4 Rd7 40. Re2 Kf7 41. Kf2 Rd4 42. Rb2 Rc4 43. Bd6 Ke6 44. Bc5 Rf4+ 45. Kg3 Re4 46. Rf2 h5 47. h3 g5 48. Rd2 h4+ 49. Kh2 g4 50. hxg4 Rxg4 51. Kh3 Rg3+ 52. Kxh4 Rxg2 53. Rxg2 Bxg2 54. Kg3 Bc6 55. Kf4 Kd5 56. Ke3 Kc4 57. Kf4 Kb5 58. Ke5 Bh1 59. Kd6 Bc6 60. Ke5 Bh1 61. Kd6 Bc6 62. Ke5 1/2-1/2


[Site "https://www.chess.com"]

[Event "Titled Tuesday Blitz February 15 Early 2022"]
[White "Smith, Shreyas"]
[Black "Kraus, Tomas"]
[WhiteFideId "7400713"]
[BlackFideId "331708"]
[WhiteElo "2129"]
[BlackElo "2389"]
[Result "0-1"]
[Round "03"]
[TimeControl "180+1"]
[Date "2022.02.15"]
[WhiteClock "0:00:01"]
[BlackClock "0:00:02"]

1. e4 e6 2. d4 d5 3. e5 c5 4. Nf3 Nc6 5. Bd3 cxd4 6. O-O Nh6 7. c3 dxc3 8. bxc3 Nf5 9. Bxf5 exf5 10. Na3 Be6 11. Nb5 a6 12. Nbd4 Nxd4 13. Nxd4 Be7 14. Qd3 Rc8 15. Qg3 Kf8 16. Rb1 b5 17. Qf3 Rc4 18. Nxf5 Bxf5 19. Qxf5 Qc8 20. Qd3 Qc6 21. Bd2 h5 22. f4 Bc5+ 23. Kh1 h4 24. h3 d4 25. f5 dxc3 26. Bxc3 Rh6 27. f6 g6 28. Bd2 Rh5 0-1


[Site "https://www.chess.com"]

[Event "Titled Tuesday Blitz February 15 Early 2022"]
[White "Soumya, Swaminathan"]
[Black "Orlov, Georgi"]
[WhiteFideId "5016193"]
[BlackFideId "2011271"]
[WhiteElo "2115"]
[BlackElo "2483"]
[Result "0-1"]
[Round "03"]
[TimeControl "180+1"]
[Date "2022.02.15"]
[WhiteClock "0:00:01"]
[BlackClock "0:00:19"]

1. Nf3 Nf6 2. d4 e6 3. c4 Nc6 4. d5 exd5 5. cxd5 Bb4+ 6. Nc3 Ne7 7. Bd2 Bxc3 8. Bxc3 Nexd5 9. Bd4 O-O 10. e3 d6 11. Bc4 Be6 12. Qb3 Qc8 13. Ng5 Re8 14. O-O c5 15. e4 cxd4 16. exd5 Bg4 17. f3 Re3 18. Qb4 a5 19. Qxd6 Qxc4 20. fxg4 h6 21. Rxf6 hxg5 22. Rf5 Rae8 23. Raf1 Rf8 24. Rxg5 Qd3 25. Qf6 Qh7 26. Qf4 Re4 27. Qc7 d3 28. Rgf5 Qg6 0-1


[Site "https://www.chess.com"]

[Event "Titled Tuesday Blitz February 15 Early 2022"]
[White "Sovetbekova, Nurai"]
[Black "Moksh Amit Doshi"]
[WhiteFideId "13801910"]
[BlackFideId "25064967"]
[WhiteElo "1545"]
[BlackElo "2245"]
[Result "0-1"]
[Round "03"]
[TimeControl "180+1"]
[Date "2022.02.15"]
[WhiteClock "0:00:10"]
[BlackClock "0:01:27"]

1. d4 Nf6 2. c4 g6 3. g3 c6 4. Bg2 d5 5. Nf3 Bg7 6. O-O O-O 7. b3 dxc4 8. bxc4 c5 9. Bb2 Qb6 10. Bc3 Ne4 11. dxc5 Nxc3 12. Nxc3 Qxc5 13. Qb3 Nc6 14. Rac1 Be6 15. Na4 Qb4 16. Rfd1 Rad8 17. Rxd8 Rxd8 18. Ne1 Qxb3 19. axb3 Nd4 20. Kf1 Nxb3 21. Rc2 Nd2+ 22. Kg1 Nxc4 23. Bxb7 Rd1 24. Kf1 Nd6 25. Bf3 Bh3+ 26. Bg2 Bxg2+ 27. Kxg2 Rxe1 28. Nc5 a5 29. Ra2 Bc3 30. Na4 Bb4 0-1


[Site "https://www.chess.com"]

[Event "Titled Tuesday Blitz February 15 Early 2022"]
[White "Stanisz, Patryk"]
[Black "Cori T., Deysi"]
[WhiteFideId "1123106"]
[BlackFideId "3801934"]
[WhiteElo "1876"]
[BlackElo "2350"]
[Result "0-1"]
[Round "03"]
[TimeControl "180+1"]
[Date "2022.02.15"]
[WhiteClock "0:00:02"]
[BlackClock "0:01:57"]

1. Nf3 f5 2. d4 Nf6 3. g3 d6 4. Bg2 g6 5. O-O Bg7 6. c4 O-O 7. Nc3 c6 8. d5 e5 9. dxe6 Bxe6 10. Nd2 Na6 11. Rb1 Ng4 12. e4 f4 13. Bf3 Ne5 14. Bh1 fxg3 15. fxg3 Nxc4 16. Rxf8+ Qxf8 17. Nxc4 Bxc4 18. Be3 Nc5 19. Qd2 Re8 20. b3 Ba6 21. Re1 Qf6 22. Na4 Nxe4 23. Qg2 Nc3 24. Nxc3 Qxc3 25. Bd2 Bd4+ 0-1


[Site "https://www.chess.com"]